cohdb
Replays
Latest Replays
All Replays
Popular Replays
Top Player Replays
Match Explorer
How It Works
Community
CoH3 Stats
Reddit
Sign in to upload your games and track your stats! →
Sign in with Steam
Match 44128601
Unlisted
Match 44128601
Overview
Messages
Build Orders
End
Kradschützen Motorcycle Team
Panzerpioneer Squad
250 Light Carrier
Construct Light Support Kompanie
250 Light Carrier
Selects Italian Infantry
Selects Italian Infantry
Combat Half-tracks
Fire Support Elements
Flakvierling Half-track
Vehicle Survival Package
Panzerjäger Mechanized Group
Selects Guastatori Squad
Panzerjäger Squad
2.5-tonne Medical Truck
Guastatori Squad
Guastatori Squad
Construct Panzerarmee Kommand
Selects Defensive Operations
Brother
Yogtwist
0
0
Comments
sign in to comment!
No comments posted yet!